 Dungeon Crawl Stone Soup version 0.18.1-50-g88ac8fd (webtiles) character file.

84 Drunkenshrew the Slasher (level 4, 0/35 HPs)
             Began as a Human Wanderer on Sept 20, 2016.
             Slain by an orc priest
             ... wielding a +0 dagger
              (2 damage)
             ... on level 3 of the Dungeon.
             The game lasted 00:06:35 (2144 turns).

Drunkenshrew the Slasher (Human Wanderer)           Turns: 2144, Time: 00:06:36

Health: 0/35       AC:  2    Str: 12    XL:     4   Next: 72%
Magic:  4/4        EV: 11    Int: 11    God:
Gold:   148        SH:  0    Dex: 15    Spells: 0 memorised, 3 levels left

rFire  . . .     SeeInvis .     a - +2 falchion
rCold  . . .     Gourm    .     d - +0 robe
rNeg   . . .     Faith    .     (no shield)
rPois  .         Spirit   .     (no helmet)
rElec  .         Dismiss  .     (no cloak)
rCorr  .         Reflect  .     (no gloves)
SustAt .         Harm     .     (no boots)
MR     .....                    (no amulet)
Stlth  +.........               (no ring)
                                (no ring)

@: not resistant to hostile enchantments, very unstealthy
A: no striking features
a: no special abilities


You were on level 3 of the Dungeon.
You were full.

You visited 1 branch of the dungeon, and saw 3 of its levels.

You collected 148 gold pieces.

Inventory:

Hand Weapons
 a - a +2 falchion (weapon)
Armour
 d - a +0 robe (worn)
Scrolls
 b - 2 scrolls of teleportation
 g - a scroll of remove curse {unknown}
 i - 2 scrolls of noise
 k - a scroll of fear {unknown}
 l - a scroll of magic mapping {unknown}
Potions
 c - 3 potions of curing
 e - 2 potions of degeneration {unknown}
 h - a potion of agility {unknown}
 j - 2 potions of lignification {unknown}
 n - a potion of ambrosia
Comestibles
 f - 3 bread rations


   Skills:
 + Level 3.4 Fighting
 + Level 5.0 Long Blades
   Level 1.0 Crossbows
 - Level 1.0 Armour
   Level 2.0 Shields


You had 3 spell levels left.
You didn't know any spells.

Dungeon Overview and Level Annotations

Branches:
Dungeon (3/15)

Altars:
Ashenzari
Cheibriados
Dithmenos
Gozag
Kikubaaqudgha
Ru
Trog
Xom
Zin


Message History

The orc priest hits you but does no damage.
You hit the orc priest but do no damage.
The orc priest is lightly wounded.
The giant gecko closely misses you.
The orc priest hits you but does no damage.
You closely miss the orc priest.
The orc priest is lightly wounded.
The giant gecko bites you.
* * * LOW HITPOINT WARNING * * *
The orc priest closely misses you.
You hit the orc priest.
The orc priest is moderately wounded.
The giant gecko closely misses you. The orc priest hits you with a dagger.
* * * LOW HITPOINT WARNING * * *
The giant gecko bites you.
* * * LOW HITPOINT WARNING * * *
You hit the orc priest.
The orc priest is heavily wounded.
The orc priest hits you with a dagger.
You die...

....... ## ....... ..#
....... ...# ....... ...#
....... #...# ?......
#....# .....$.#.....#
#...@.#...
##..ol##.######.
#....b..........
#......####..##....####.##
#......##.)..#.....# ....
.........#...?....# .....
.....###...#....)#......
....###..###........_..
...#...#....#..#......


You could see an orc priest, a giant gecko and a bat.

Vanquished Creatures
  2 adders
  An ooze (D:1)
  2 dart slugs
  3 worms (D:2)
  2 orcs (D:3)
  A giant cockroach (D:1)
  4 goblins
  4 hobgoblins
  7 jackals
  A quokka (D:2)
  7 bats
  7 kobolds
  8 rats
49 creatures vanquished.

Notes
Turn   | Place    | Note
--------------------------------------------------------------
     0 | D:1      | Drunkenshrew the Human Wanderer began the quest for the Orb.
     0 | D:1      | Drunkenshrew set off with: a +2 falchion, a scroll of teleportation, a potion of curing, a +0 robe, a bread ration
     0 | D:1      | Reached XP level 1. HP: 16/16 MP: 1/1
   101 | D:1      | Reached XP level 2. HP: 23/23 MP: 2/2
   344 | D:1      | Reached XP level 3. HP: 17/28 MP: 3/3
   906 | D:2      | Found a bloodstained altar of Trog.
   938 | D:2      | Reached XP level 4. HP: 26/35 MP: 4/4
   985 | D:2      | HP: 1/35 [worm (10)]
  1272 | D:2      | Found a snail-covered altar of Cheibriados.
  1274 | D:2      | Found a sacrificial altar of Ru.
  1278 | D:2      | Found a shattered altar of Ashenzari.
  1619 | D:2      | Found an opulent altar of Gozag.
  1619 | D:2      | Found a glowing silver altar of Zin.
  1693 | D:2      | Found a shadowy altar of Dithmenos.
  1694 | D:2      | Found a shimmering altar of Xom.
  2098 | D:3      | Reached skill level 5 in Long Blades
  2114 | D:3      | Found an ancient bone altar of Kikubaaqudgha.
  2144 | D:3      | Slain by an orc priest

Skill      XL: |  1  2  3  4 |
---------------+-------------+-----
Fighting       | 3 |  3.4
Long Blades    | 5 |  5.0
Crossbows      | |  1.0
Armour         | |  1.0
Shields        | |  2.0

Action                   |  1- 3 |  4- 6 || total
-------------------------+-------+-------++-------
Melee: Falchion          |    77 |    79 ||   156
  Use: Scroll            |       |     1 ||     1
       Potion            |       |     1 ||     1
 Stab: Sleeping          |     2 |       ||     2
  Eat: Meat ration       |       |     1 ||     1
       Pizza             |       |     1 ||     1
       Beef jerky        |       |     1 ||     1
Armor: Robe              |    35 |    34 ||    69
Dodge: Dodged            |    66 |    96 ||   162
